 Dungeon Crawl Stone Soup version 0.31-a0-1424-g2add1c7226 (webtiles) character file.

Game seed: 7482984486509811599

1519 Curundu the Cudgeller (level 8, 0/71 HPs)
             Began as a Minotaur Berserker on Dec 25, 2023.
             Was a Priest of Trog.
             Succumbed to a gnoll sergeant's poison
             ... on level 6 of the Dungeon on Dec 26, 2023.
             The game lasted 00:15:33 (5274 turns).

Curundu the Cudgeller (Minotaur Berserker)          Turns: 5274, Time: 00:15:33

Health: 0/71       AC: 13    Str: 23    XL:     8   Next: 54%
Magic:  7/7        EV: 10    Int:  4    God:    Trog [***...]
Gold:   324        SH:  0    Dex: 17    Spells: 7/7 levels left

rFire   . . .        v - +4 great sword
rCold   . . .        (shield currently unavailable)
rNeg    . . .        k - +0 chain mail
rPois   .            (helmet restricted)
rElec   .            (no cloak)
rCorr   .            n - +0 pair of gloves
SInv    .            p - +0 pair of boots
Will    .....        (no amulet) Stlth
                     d - +6 ring of dexterity
HPRegen 0.31/turn    (no ring)
MPRegen 0.10/turn

%: no passive effects
@: lethally poisoned (0 -> -2)
A: horns 2, retaliatory headbutt
a: Renounce Religion, Berserk, Trog's Hand


You were on level 6 of the Dungeon.
You worshipped Trog.
Trog was most pleased with you.
You visited 1 branch of the dungeon, and saw 6 of its levels.

You collected 324 gold pieces.

Inventory:

Hand Weapons
 f - a +1 whip of draining
 v - a +4 great sword (weapon)
Missiles
 s - 2 throwing nets
Armour
 k - a +0 chain mail (worn)
 n - a +0 pair of gloves (worn)
 p - a +0 pair of boots (worn)
Jewellery
 d - a +6 ring of dexterity (left hand)
Wands
 l - a wand of light (2)
 x - a wand of charming (13)
 y - a wand of mindburst (10)
Scrolls
 a - a scroll of amnesia {unknown}
 c - 5 scrolls of identify {unknown}
 e - 4 scrolls of teleportation {unknown}
 g - 2 scrolls of revelation {unknown}
 h - 2 scrolls of noise {unknown}
 i - 4 scrolls of enchant armour {unknown}
 m - a scroll of poison {unknown}
 q - 3 scrolls of immolation {unknown}
 r - a scroll of enchant weapon {unknown}
 w - a scroll of vulnerability {unknown}
Potions
 b - a potion of heal wounds {unknown}
 j - 5 potions of curing {unknown}
 o - a potion of resistance {unknown}
 t - 2 potions of attraction {unknown}
 u - 2 potions of enlightenment {unknown}


   Skills:
 + Level 6.5 Fighting
 + Level 4.9 Long Blades
 + Level 7.9 Maces & Flails
 + Level 6.8 Armour
 + Level 4.1 Dodging
 + Level 0.5 Stealth


You had 7 spell levels left.
You didn't know any spells.
Your spell library was empty.

Dungeon Overview and Level Annotations

Branches:
Dungeon (6/15)             Temple (0/1) D:6

Altars:
Dithmenos
Makhleb
Ru
Sif Muna

Shops:
D:5 *


Innate Abilities, Weirdness & Mutations

You have a pair of horns on your head.
You reflexively headbutt those who attack you in melee.


Message History

The gnoll closely misses you.
You see here a +0 spear.
The gnoll sergeant blocks your attack.
You headbutt the gnoll sergeant!
The gnoll sergeant is moderately wounded.
You feel extremely sick. The gnoll sergeant barely misses you.
You furiously retaliate!
You headbutt the gnoll sergeant, but do no damage.
The gnoll closely misses you. The gnoll sergeant barely misses you.
The gnoll hits you but does no damage.
You slash the gnoll sergeant! The gnoll sergeant blocks your attack.
The gnoll sergeant is almost dead.
You feel extremely sick.
The gnoll sergeant hits you with a +1 spear of venom.
* * * LOW HITPOINT WARNING * * *
The gnoll closely misses you.
You slice the gnoll sergeant!!
You kill the gnoll sergeant!
Trog accepts your kill.
You feel very sick.
The gnoll hits you from afar with a +0 halberd.
* * * LOW HITPOINT WARNING * * *
The gnoll barely misses you.
You feel sick. The gnoll hits you but does no damage.
The gnoll hits you with a +0 halberd.
* * * LOW HITPOINT WARNING * * *
Things that are here:
a +1 spear of venom; a +0 ring mail; a +0 kite shield You hit the gnoll but do no damage.
* * * LOW HITPOINT WARNING * * *
You feel very sick. The gnoll hits you but does no damage.
The gnoll barely misses you. You furiously retaliate!
You headbutt the gnoll. You barely miss the gnoll.
The gnoll is lightly wounded.
* * * LOW HITPOINT WARNING * * *
You feel sick. The gnoll closely misses you. The gnoll barely misses you. x2
The gnoll hits you but does no damage.
You hit the gnoll.
The gnoll is severely wounded.
You die...

...#..#.####.#.#
..#...#......#.#.#
.#...#########.#.#
#....# #.#.#
.##### #.#.#
#.#.## #.#.#
.....#### #.#g#
........# #.#g#
........# #.#@#
........# #.#)#
........# #.#.#
........# #.#.#
........# #.#.#
........# #.#.#
........# #.#.#
........# #.#.#
........# #.#(#


You could see 2 gnolls.

Vanquished Creatures
  3 ice beasts
  An ogre (D:5)
  A centaur (D:6)
  A phantom (D:4)
  A gnoll sergeant (D:6)
  2 scorpions
  4 wights (D:6)
  A bombardier beetle (D:3)
  A crimson imp (D:6)
  A hound (D:5)
  An orc priest (D:5)
  A sleepcap (D:6)
  Terence (D:2)
  8 iguanas
  An orc wizard (D:5)
  4 gnolls
  5 adders
  A white imp (D:6)
  2 ufetubi (D:6)
  2 worms (D:2)
  A dart slug (D:3)
  6 orcs
  4 bats
  9 endoplasms
  5 giant cockroaches
  6 goblins
  4 hobgoblins
  13 jackals
  11 kobolds
  9 quokkas
  6 ball pythons
  2 frilled lizards
  5 rats
123 creatures vanquished.

Notes
Turn   | Place    | Note
-------+----------+-------------------------------------------
     0 | D:1      | Curundu the Minotaur Berserker began the quest for the Orb.
     0 | D:1      | Reached XP level 1. HP: 19/19 MP: 0/0
   104 | D:1      | Reached XP level 2. HP: 27/27 MP: 1/1
   293 | D:1      | Reached XP level 3. HP: 32/34 MP: 2/2
   335 | D:1      | Reached ** piety under Trog
   707 | D:2      | Noticed Terence
   721 | D:2      | Killed Terence
   722 | D:2      | Reached XP level 4. HP: 23/41 MP: 3/3
   822 | D:2      | Reached skill level 1 in Maces & Flails
  1950 | D:3      | Upgraded the game from 0.31-a0-1405-g2bb1a01664 to
                  | 0.31-a0-1424-g2add1c7226
  2104 | D:3      | Reached skill level 2 in Maces & Flails
  2104 | D:3      | Reached XP level 5. HP: 47/47 MP: 4/4
  2817 | D:4      | Found a shadowy altar of Dithmenos.
  3179 | D:4      | Noticed a phantom
  3192 | D:4      | Killed a phantom
  3193 | D:4      | Reached skill level 5 in Fighting
  3193 | D:4      | Reached skill level 3 in Maces & Flails
  3193 | D:4      | Reached XP level 6. HP: 36/56 MP: 5/5
  3269 | D:4      | Found a sacrificial altar of Ru.
  3307 | D:4      | Found a shimmering blue altar of Sif Muna.
  3563 | D:5      | Entered Level 5 of the Dungeon
  3563 | D:5      | Found Fuadghaon's Assorted Antiques.
  3644 | D:5      | Reached *** piety under Trog
  3645 | D:5      | Reached skill level 4 in Maces & Flails
  3698 | D:5      | Noticed an ice beast
  3710 | D:5      | Killed an ice beast
  3801 | D:5      | Reached skill level 5 in Armour
  3801 | D:5      | Reached XP level 7. HP: 61/61 MP: 6/6
  3894 | D:5      | Reached skill level 5 in Maces & Flails
  4106 | D:5      | Reached skill level 6 in Maces & Flails
  4237 | D:6      | Found a staircase to the Ecumenical Temple.
  4506 | D:6      | Reached skill level 7 in Maces & Flails
  4511 | D:6      | Reached XP level 8. HP: 50/70 MP: 7/7
  4868 | D:6      | Found a burning altar of Makhleb.
  5272 | D:6      | HP: 3/71 [poisoned by a gnoll sergeant]
  5273 | D:6      | HP: 1/71 [poisoned by a gnoll sergeant]
  5274 | D:6      | Succumbed to a gnoll sergeant's poison

Illustrated notes

Levels and vault maps discovered:
D:1:      lightli_arrival_statue_moat, layout_rooms
D:2:      layout_basic, uniq_terence
D:3:      layout_loops_corners
D:4:      nicolae_cairo_tiling_very_big, layout_basic, kennysheep_mini,
          marbit_many_paths, nicolae_dithmenos_through_a_glass_darkly
D:5:      layout_cave_pools, serial_shops, nicolae_shop_trees,
          serial_column_ruins, column_ruins_hut, column_ruins_hut_pillars,
          column_ruins_columns_T, column_ruins_corridor_dead_end,
          column_ruins_corridor_dead_end, column_ruins_open_small,
          column_ruins_grid_3
D:6:      layout_basic, makhleb_grotto_becter, minmay_temple_entry_junction_2,
          hangedman_abyss_or_decor_slice, grunt_ministairs_10

Skill      XL: |  1  2  3  4  5  6  7  8 |
---------------+-------------------------+-----
Fighting       | 4 5 6 |  6.5
Long Blades    | 4 |  4.9
Maces & Flails | 2 3 4 7 |  7.9
Dodging        | 3 4 |  4.1
Armour         | 3 4 5 6 |  6.8
Stealth        | |  0.5

Action                     |  1- 3 |  4- 6 |  7- 9 || total
---------------------------+-------+-------+-------++-------
  Melee: Falchion          |    15 |       |       ||    15
         Headbutt          |    13 |    25 |    23 ||    61
         Punch             |     1 |     1 |     3 ||     5
         Whip              |    47 |   139 |    92 ||   278
         Great sword       |       |       |    28 ||    28
 Invoke: Trog's Hand       |     1 |       |       ||     1
 Armour: Animal skin       |    45 |       |       ||    45
         Chain mail        |       |    79 |    95 ||   174
  Dodge: Dodged            |    50 |    63 |    73 ||   186

Table legend: (Time is in decaauts)
 A = Elapsed time spent in this place.
 B = Non-inter-level travel time spent in this place.
 C = Inter-level travel time spent in this place.
 D = Time resting spent in this place.
 E = Time spent auto-exploring this place.
 F = Levels seen in this place.
 G = Mean time per level.
                   A        B        C        D        E       F      G
               +--------+--------+--------+--------+--------+-----+--------+
         Total |   5268 |   5268 |      0 |    307 |   3849 |   6 |  878.0 |
       Dungeon |   5268 |   5268 |      0 |    307 |   3849 |   6 |  878.0 |
               +--------+--------+--------+--------+--------+-----+--------+

Top non-repeatable levels by time:
     D:2: 1167 daAuts
     D:6: 1075 daAuts
     D:3: 918 daAuts
     D:4: 811 daAuts
     D:1: 669 daAuts
     D:5: 626 daAuts
